 Dungeon Crawl Stone Soup version 0.30-a0-802-gb92711bcdf (webtiles) character file.

Game seed: 659241062763448758

38335 demibob the Fencer (level 13, 0/114 HPs)
             Began as a Minotaur Fighter on Feb 24, 2023.
             Was an Initiate of Gozag.
             Slain by a blink frog (7 damage)
             ... on level 5 of the Lair of Beasts.
             The game lasted 00:24:24 (12505 turns).

demibob the Fencer (Minotaur Fighter)              Turns: 12505, Time: 00:24:24

Health: 0/114      AC: 16    Str: 22    XL:     13   Next: 63%
Magic:  12/12      EV: 15    Int:  7    God:    Gozag
Gold:   1843       SH:  0    Dex: 14    Spells: 12/12 levels left

rFire   . . .      SeeInvis +    B - +6 scimitar of Crystal {protect, Fly rElec Dex+2 Stlth+}
rCold   + . .      Faith    .    (no shield)
rNeg    . . .      Spirit   .    e - +2 scale mail {rPois}
rPois   +          Reflect  .    M - +0 hat
rElec   +          Harm     .    y - +2 cloak
rCorr   .          Rampage  .    u - +0 pair of gloves
Will    .....                    d - +2 pair of boots
Stlth   +                        j - amulet of regeneration
HPRegen 1.19/turn                v - ring of see invisible
MPRegen 0.13/turn                E - +5 ring of evasion

@: on berserk cooldown, flying, slowed, studying Staves, very slow
A: horns 2, retaliatory headbutt, cold resistance 1, deformed body, poison
resistance, wild magic 1, no potion heal 1
a: Renounce Religion, Potion Petition, Call Merchant, Bribe Branch


You were on level 5 of the Lair of Beasts.
You worshipped Gozag.
Gozag was most pleased with you.
You visited 2 branches of the dungeon, and saw 15 of its levels.
You also visited: Sewer and Ossuary.

You collected 3837 gold pieces.
You spent 351 gold pieces at shops.
You paid 1643 gold pieces to Gozag.


Innate Abilities, Weirdness & Mutations

You have a pair of horns on your head.
You reflexively headbutt those who attack you in melee.
Your flesh is cold resistant. (rC+)
Armour fits poorly on your strangely shaped body.
Your system is resistant to poisons. (rPois)
Your spells are a little harder to cast, but a little more powerful.
Potions are less effective at restoring your health.


   Skills:
 + Level 10.4 Fighting
 - Level 20.0 Long Blades
 + Level 10.4 Armour
 - Level 3.6 Shields
 - Level 11.2 Evocations


You had 12 spell levels left.
You didn't know any spells.
Your spell library contained the following spells:

 Spells                   Type           Power      Damage    Failure   Level
 Freeze                   Ice            0%         1d3       78%         1
 Dazzling Flash           Conj/Hex       0%         N/A       98%         3
 Frozen Ramparts          Ice            0%         1d1       98%         3
 Hailstorm                Conj/Ice       0%         3d3       98%         3
 Iskenderun's Mystic Bla  Conj/Tloc      0%         2d3       100%        4
 Manifold Assault         Tloc           0%         N/A       100%        4
 Summon Lightning Spire   Summ/Air       0%         N/A       100%        4
 Blade Hands              Tmut           0%         N/A       100%        5
 Fireball                 Conj/Fire      0%         3d3       100%        5
 Iskenderun's Battlesphe  Conj           0%         2d6       100%        5
 Conjure Ball Lightning   Conj/Air       0%         3x3d6     100%        6
 Death Channel            Necr           0%         N/A       100%        6
 Dispersal                Tloc           0%         N/A       100%        6
 Starburst                Conj/Fire      0%         6d3       100%        6
 Orb of Destruction       Conj           0%         9d5       100%        7
 Storm Form               Tmut/Air       0%         N/A       100%        7
 Disjunction              Tloc           0%         N/A       100%        8
 Maxwell's Capacitive Co  Air            0%         ∞         100%        8
 Animate Dead             Necr           Unusable   N/A       N/A         4

Inventory:

Hand Weapons
 a - a +1 great sword of protection
 q - a +1 long sword
 B - the +6 scimitar of Crystal (weapon) {protect, Fly rElec Dex+2 Stlth+}
   (You bought it in a shop on level 10 of the Dungeon)

   Dex:       It affects your dexterity (+2).
   rElec:     It insulates you from electricity.
   Fly:       It grants you flight.
   Stlth:     It makes you more stealthy.
Missiles
 i - 3 atropa-tipped darts (quivered)
 w - 4 throwing nets {=f}
Armour
 d - a +2 pair of boots (worn)
 e - a +2 scale mail of poison resistance (worn)
 u - a +0 pair of gloves (worn)
 y - a +2 cloak (worn)
 M - a +0 hat (worn)
Jewellery
 j - an amulet of regeneration (around neck)
 v - a ring of see invisible (left hand)
 C - a ring of ice
 E - a +5 ring of evasion (right hand)
 F - a ring of fire
 I - a +6 ring of intelligence
 K - an amulet of the acrobat
 L - a ring of flight
 T - a +4 ring of protection
 Z - a ring of wizardry
Wands
 g - a wand of paralysis (9)
 p - a wand of digging (4)
 s - a wand of acid (3)
 z - a wand of mindburst (4)
 D - a wand of roots (2)
 N - a wand of flame (4)
Scrolls
 b - 3 scrolls of poison
 f - 9 scrolls of identify {@r1}
 m - 3 scrolls of amnesia
 n - 3 scrolls of fog
 t - 2 scrolls of teleportation {@r2}
 x - 3 scrolls of magic mapping
 H - a scroll of brand weapon {unknown}
Potions
 c - 2 potions of berserk rage {!q}
 h - 4 potions of curing {@q1}
 k - 4 potions of flight
 l - 2 potions of haste {@q3}
 o - 2 potions of might
 r - 4 potions of brilliance
 A - 3 potions of attraction
 G - a potion of ambrosia {unknown}
 J - a potion of resistance {unknown}

Dungeon Overview and Level Annotations

Branches:
Dungeon (10/15)            Temple (0/1) D:4            Lair (5/5) D:10
 Shoals (0/4) Lair:3        Snake (0/4) Lair:2        Sewer (visited)
Ossuary (visited)
  Slime: Lair:4-5       Orc: D:9-12

Altars:
Cheibriados
Fedhas
Gozag
Kikubaaqudgha
Nemelex Xobeh
Okawaru
Wu Jian
Xom

Shops:
D:5 [   D:8 :   D:10 (

Annotations:
Lair:3 exclusion: 2 oklob plants
Lair:4 exclusion: oklob plant

#...#............ ##
##P..#YY..........
.#≈≈#..P..Y...........
...≈.≈.⌠#PFY..........
...≈~≈~$$$.....F......
≈≈~.≈~$.$$Y.Y.........
≈≈≈≈.~≈≈...Y..........
≈≈≈...≈≈...YF.........
≈≈≈~.~....Y@F§......##
≈≈≈≈≈≈≈..Y...........~
≈≈≈≈≈≈...Y....<...~..P
≈≈≈≈~.............P.~.
$
≈≈≈.≈~...............~
≈≈≈≈Y.............~~
≈.~..............~~
..≈..........~..~≈
..........~~~~~


You could see 4 blink frogs, 3 ice beasts and 9 dream sheep.


Message History

Unknown command. 2 ice beasts come into view.
You are no longer berserk.
You are exhausted.
You feel yourself slow down.
The dream sheep is no longer distracted by gold.
The blink frog is distracted by your dazzling golden aura.
The dream sheep shake their wool and sparkle.
You feel drowsy...
You fall asleep.
The blink frog blinks!
The blink frog is distracted by your dazzling golden aura. x2
The blink frog blinks!
The ice beast is distracted by your dazzling golden aura.
The blink frog croaks.
The blink frog is no longer distracted by gold.
The blink frog blinks!
A dream sheep comes into view.
The ice beast is no longer distracted by gold.
The dream sheep "Baaaas" sleepily.
A dream sheep comes into view.
The dream sheep bleats!
You hear a bleat!
The blink frog is no longer distracted by gold.
The blink frog blinks!
The dream sheep barely misses you.
The dream sheep bleats!
The blink frog is no longer distracted by gold.
The blink frog hits you!
You wake up.
* * * LOW HITPOINT WARNING * * *
The blink frog blinks!
The blink frog hits you!
You die...
Your body crumbles into a pile of gold.

Skill      XL: |  1  2  3  4  5  6  7  8  9 10 11 12 13 |
---------------+----------------------------------------+-----
Long Blades    | 3 4 5 6 7 9 11 13 16 17 19 20 | 20.0
Fighting       | 7 10 | 10.4
Armour         | 7 10 | 10.4
Evocations     | 6 10 11 | 11.2
Shields        | |  3.6

Action                     |  1- 3 |  4- 6 |  7- 9 | 10-12 | 13-15 || total
---------------------------+-------+-------+-------+-------+-------++-------
  Melee: Long sword        |   104 |   166 |   460 |   316 |       ||  1046
         Headbutt          |    17 |    15 |    91 |   171 |    44 ||   338
         Punch             |     1 |     1 |     6 |     6 |     3 ||    17
         Scimitar          |       |       |       |   394 |   173 ||   567
         Great sword       |       |       |       |    16 |       ||    16
  Throw: Dart              |       |     3 |       |       |       ||     3
 Invoke: Call Merchant     |       |       |     1 |     1 |       ||     2
  Evoke: Wand              |       |       |     1 |    14 |     8 ||    23
    Use: Scroll            |     4 |       |    14 |     3 |       ||    21
         Potion            |       |     8 |     2 |    11 |     1 ||    22
   Stab: Distracted        |       |       |     2 |     4 |     1 ||     7
         Invisible         |       |       |     2 |     2 |       ||     4
         Paralysed         |       |       |       |     2 |     3 ||     5
         Petrified         |       |       |       |       |     4 ||     4
 Armour: Scale mail        |    53 |    62 |   248 |   328 |    66 ||   757
         Skin              |       |    28 |       |       |       ||    28
  Dodge: Dodged            |    54 |    69 |   185 |   369 |    92 ||   769

Levels and vault maps discovered:
D:1:      nzn_arrival_settlement, layout_loops_ring, serial_bayou_pond_e
D:2:      layout_basic, basic_altar
D:3:      layout_basic, ebering_ghost_gozag, kennysheep_generic_room_13
D:4:      layout_loops_ring, slow_altar_2, minmay_temple_entry_enclosed_plants,
          cheibrodos_sewer_entry_drain, hangedman_decor_growths, minmay_vboxes,
          uniq_eustachio, uniq_edmund
D:5:      layout_loops_ring, okawaru_trees_1, nicolae_ossuary_entry_catacombs,
          uniq_crazy_yiuf_cottage
D:6:      layout_basic, fedhas_altar_3, mainiacjoe_overflow_six_doors_small,
          uniq_blork_the_orc, uniq_sigmund
D:7:      layout_loops_corners, eino_small_chamber_without_monster,
          dk_vineyard_3, roderic_cross_of_infinity
D:8:      layout_basic, mainiacjoe_overflow_cross_hatched, serial_shops,
          kennysheep_little_box
D:9:      layout_roguey, mainiacjoe_overflow_24_doors, st_stairs_5
D:10:     layout_cave_pods, grunt_lair_entry_orc_guard_hut
Lair:1:   layout_gridlike
Lair:2:   layout_long_grid, minmay_snake_entry_guardpost_small, st_stairs_11,
          uniq_sonja, uniq_maggie
Lair:3:   dpeg_oklob_gauntlet, layout_loops_ring,
          minmay_shoals_entry_lonely_mermaid, kilobyte_rumbling_trees,
          serial_bayou_shore_a, uniq_kirke, uniq_nergalle, uniq_gastronok
Lair:4:   layout_gridlike, infiniplex_staircase_pool_2, grunt_megastairs_4
Lair:5:   minmay_lair_end_frog_pond, layout_long_grid,
          minmay_slime_entry_pillars, ice2_lemuel

Notes
Turn   | Place    | Note
-------+----------+-------------------------------------------
     0 | D:1      | demibob the Minotaur Fighter began the quest for the Orb.
     0 | D:1      | Reached XP level 1. HP: 19/19 MP: 0/0
   175 | D:1      | Reached skill level 3 in Long Blades
   244 | D:1      | Reached XP level 2. HP: 25/26 MP: 1/1
   668 | D:1      | Reached skill level 4 in Long Blades
   980 | D:2      | Reached XP level 3. HP: 31/31 MP: 2/2
  1155 | D:2      | Reached skill level 5 in Long Blades
  1189 | D:2      | Found a shimmering altar of Xom.
  1416 | D:3      | Reached XP level 4. HP: 39/39 MP: 3/3
  1832 | D:3      | Found a runed translucent gate.
  1832 | D:3      | Found a runed translucent gate.
  1832 | D:3      | Found an opulent altar of Gozag.
  1833 | D:3      | Found a runed translucent gate.
  1834 | D:3      | Noticed a phantom
  1834 | D:3      | Noticed tarna41's ghost (amateur MiBe)
  2007 | D:3      | Gained mutation: You occasionally lose the ability to read
                  | scrolls when taking damage. [potion of mutation]
  2007 | D:3      | Gained mutation: Potions are less effective at restoring
                  | your health. [potion of mutation]
  2007 | D:3      | Gained mutation: You possess an exceptional clarity of
                  | mind. [potion of mutation]
  2026 | D:3      | Killed tarna41's ghost
  2027 | D:3      | Reached skill level 6 in Long Blades
  2027 | D:3      | Reached XP level 5. HP: 45/45 MP: 4/4
  2034 | D:3      | Killed a phantom
  2035 | D:3      | Reached skill level 7 in Long Blades
  2177 | D:3      | Became a worshipper of Gozag Ym Sagoz the Greedy
  2222 | D:4      | Found a glowing drain.
  2235 | Sewer    | Entered a sewer
  2269 | Sewer    | Reached XP level 6. HP: 50/51 MP: 5/5
  2595 | Sewer    | Reached skill level 8 in Long Blades
  2732 | D:4      | Found a snail-covered altar of Cheibriados.
  2805 | D:4      | Noticed Edmund
  2828 | D:4      | HP: 3/50 [Edmund/+0 flail of distortion (18)]
  2830 | D:4      | Killed Edmund
  2831 | D:4      | Reached skill level 9 in Long Blades
  2831 | D:4      | Reached XP level 7. HP: 5/57 MP: 6/6
  2991 | D:4      | Noticed Eustachio
  3017 | D:4      | Killed Eustachio
  3018 | D:4      | Reached skill level 10 in Long Blades
  3230 | D:4      | Found a staircase to the Ecumenical Temple.
  3357 | D:4      | Reached skill level 11 in Long Blades
  3371 | D:4      | Reached XP level 8. HP: 39/64 MP: 7/7
  3589 | D:5      | Entered Level 5 of the Dungeon
  3671 | D:5      | Found an iron altar of Okawaru.
  3761 | D:5      | Found a sand-covered staircase.
  3767 | Ossuary  | Entered an ossuary
  3793 | Ossuary  | Reached skill level 12 in Long Blades
  4191 | D:5      | Reached skill level 13 in Long Blades
  4617 | D:5      | Found a runed translucent door.
  4618 | D:5      | Noticed Crazy Yiuf
  4624 | D:5      | Killed Crazy Yiuf
  4639 | D:6      | Noticed Blork the orc
  4650 | D:6      | Reached XP level 9. HP: 64/70 MP: 8/8
  4655 | D:6      | Killed Blork the orc
  4656 | D:6      | Reached skill level 14 in Long Blades
  4808 | D:6      | Noticed Sigmund
  4816 | D:6      | Killed Sigmund
  4891 | D:6      | Found a sparkling altar of Nemelex Xobeh.
  4898 | D:6      | Found a blossoming altar of Fedhas.
  5026 | D:6      | Got the Omnibus of Ghastly Changes
  5378 | D:7      | Reached skill level 15 in Long Blades
  5744 | D:7      | Reached skill level 16 in Long Blades
  5782 | D:7      | Noticed an unseen horror
  5799 | D:7      | Killed an unseen horror
  6010 | D:7      | Reached XP level 10. HP: 77/77 MP: 9/9
  6440 | D:8      | Reached skill level 17 in Long Blades
  6523 | D:8      | Reached skill level 4 in Fighting
  6523 | D:8      | Reached skill level 4 in Armour
  6696 | D:8      | Found an ornate altar of the Wu Jian Council.
  7280 | D:8      | Found Vamyaso's Book Shop.
  7432 | D:9      | Reached skill level 5 in Fighting
  7432 | D:9      | Reached skill level 5 in Armour
  7556 | D:9      | Found an ancient bone altar of Kikubaaqudgha.
  8085 | D:10     | Entered Level 10 of the Dungeon
  8125 | D:10     | Noticed a two-headed ogre
  8135 | D:10     | Killed a two-headed ogre
  8136 | D:10     | Reached skill level 6 in Fighting
  8136 | D:10     | Reached skill level 6 in Armour
  8471 | D:10     | Noticed a gargoyle
  8494 | D:10     | Killed a gargoyle
  8567 | D:10     | Reached skill level 7 in Fighting
  8567 | D:10     | Reached skill level 7 in Armour
  8699 | D:10     | Found a staircase to the Lair.
  8768 | D:10     | Reached XP level 11. HP: 92/92 MP: 10/10
  8793 | D:10     | Reached skill level 1 in Evocations
  9009 | D:10     | Bought a fine scimitar for 351 gold pieces
  9009 | D:10     | Identified the +6 scimitar of Crystal {protect, Fly rElec
                  | Dex+2 Stlth+} (You bought it in a shop on level 10 of the
                  | Dungeon)
  9056 | Lair:1   | Entered Level 1 of the Lair of Beasts
  9108 | Lair:1   | Reached skill level 18 in Long Blades
  9108 | Lair:1   | Reached skill level 2 in Evocations
  9161 | Lair:1   | Lost mutation: You occasionally lose the ability to read
                  | scrolls when taking damage. [potion of mutation]
  9161 | Lair:1   | Lost mutation: You possess an exceptional clarity of mind.
                  | [potion of mutation]
  9161 | Lair:1   | Gained mutation: Your system is resistant to poisons.
                  | (rPois) [potion of mutation]
  9161 | Lair:1   | Gained mutation: Armour fits poorly on your strangely
                  | shaped body. [potion of mutation]
  9161 | Lair:1   | Gained mutation: Your spells are a little harder to cast,
                  | but a little more powerful. [potion of mutation]
  9161 | Lair:1   | Gained mutation: Your flesh is cold resistant. (rC+)
                  | [potion of mutation]
  9236 | Lair:1   | Reached skill level 3 in Evocations
  9418 | Lair:1   | Reached skill level 4 in Evocations
  9828 | Lair:2   | Noticed Sonja
  9837 | Lair:2   | Killed Sonja
  9838 | Lair:2   | Reached skill level 5 in Evocations
  9860 | Lair:2   | Found a staircase to the Snake Pit.
  9872 | Lair:2   | Reached skill level 19 in Long Blades
  9944 | Lair:2   | Noticed Maggie
  9963 | Lair:2   | Killed Maggie
  9997 | Lair:2   | Reached skill level 6 in Evocations
 10081 | Lair:2   | Noticed a death yak
 10082 | Lair:2   | Noticed a death yak
 10083 | Lair:2   | Noticed a death yak
 10083 | Lair:2   | Noticed a death yak
 10083 | Lair:2   | Noticed a death yak
 10085 | Lair:2   | Noticed a death yak
 10103 | Lair:2   | Killed a death yak
 10104 | Lair:2   | Reached XP level 12. HP: 66/100 MP: 11/11
 10105 | Lair:2   | Killed a death yak
 10110 | Lair:2   | Killed a death yak
 10115 | Lair:2   | Killed a death yak
 10116 | Lair:2   | Reached skill level 7 in Evocations
 10121 | Lair:2   | Killed a death yak
 10128 | Lair:2   | Killed a death yak
 10420 | Lair:2   | Reached skill level 20 in Long Blades
 10475 | Lair:3   | Noticed an eight-headed hydra
 10478 | Lair:3   | Reached skill level 8 in Evocations
 10479 | Lair:3   | Killed an eight-headed hydra
 10496 | Lair:3   | Reached skill level 9 in Evocations
 10675 | Lair:3   | Reached skill level 10 in Evocations
 10701 | Lair:3   | Noticed Kirke
 10707 | Lair:3   | Noticed Gastronok
 10721 | Lair:3   | Noticed a sphinx
 10743 | Lair:3   | Noticed a sphinx
 10760 | Lair:3   | Paralysed by a sphinx for 4 turns
 10764 | Lair:3   | Noticed Nergalle
 10767 | Lair:3   | Noticed a six-headed hydra
 10768 | Lair:3   | HP: 10/100 [elephant (5)]
 10779 | Lair:3   | HP: 1/100 [black mamba (13)]
 10890 | Lair:3   | Reached XP level 13. HP: 104/105 MP: 12/12
 10901 | Lair:3   | Reached skill level 11 in Evocations
 11118 | Lair:3   | Identified the +4 shortbow of the Mushroom {flame, rC+
                  | Str+3}
 11134 | Lair:3   | Killed Kirke
 11135 | Lair:3   | Reached skill level 8 in Fighting
 11135 | Lair:3   | Reached skill level 8 in Armour
 11158 | Lair:3   | Killed Gastronok
 11396 | Lair:3   | Found a staircase to the Shoals.
 11435 | Lair:3   | Killed Nergalle
 11626 | Lair:4   | Reached skill level 9 in Fighting
 11626 | Lair:4   | Reached skill level 9 in Armour
 12424 | Lair:5   | Entered Level 5 of the Lair of Beasts
 12489 | Lair:5   | Reached skill level 10 in Fighting
 12489 | Lair:5   | Reached skill level 10 in Armour
 12505 | Lair:5   | HP: 7/114 [blink frog (17)]
 12505 | Lair:5   | Slain by a blink frog

Vanquished Creatures
  Gastronok (Lair:3)
  Kirke (Lair:3)
  3 hydras
  A catoblepas (Lair:4)
  A two-headed ogre (D:10)
  6 death yaks (Lair:2)
  Nergalle (Lair:3)
  Sonja (Lair:2)
  13 elephants (Lair:3)
  4 black mambas
  A merfolk siren (Lair:3)
  A gargoyle (D:10)
  11 cane toads
  A torpor snail (Lair:3)
  An unseen horror (D:7)
  Maggie (Lair:2)
  A rime drake (Lair:5)
  3 komodo dragons
  A troll (D:9)
  2 polar bears
  2 blink frogs (Lair:5)
  A hornet (D:9)
  14 dream sheep
  Sigmund (D:6)
  A wraith (D:7)
  22 yaks
  4 basilisks
  3 wyverns
  5 hogs (Lair:3)
  Eustachio (D:4)
  A steam dragon (D:8)
  Edmund (D:4)
  3 nagas (Lair:2)
  9 water moccasins
  3 orc warriors
  3 ice beasts (Lair:5)
  The ghost of tarna41 the Trooper, an amateur MiBe of Trog (D:3)
  6 black bears
  4 boggarts (Lair:3)
  An ogre (D:5)
  2 centaurs
  12 wolves
  A phantom (D:3)
  Blork the orc (D:6)
  An elf zombie (D:5)
  A kobold brigand (D:9)
  9 bullfrogs
  A gnoll sergeant (D:7)
  2 necrophages
  3 scorpions
  4 water moccasin zombies (Ossuary)
  2 elf skeletons (D:5)
  22 wights
  4 killer bees (D:10)
  2 howler monkeys
  An electric eel (Lair:3)
  4 jellies
  2 gnoll boudas
  4 hounds
  Crazy Yiuf (D:5)
  2 human zombies (D:5)
  6 orc priests
  3 iguanas
  An iron imp (D:4)
  10 orc wizards
  A human skeleton (D:5)
  2 mummies (Ossuary)
  11 adders
  14 gnolls
  2 river rats (Sewer)
  2 shadow imps (D:7)
  3 white imps
  2 ufetubi
  4 adder zombies (Ossuary)
  A worm (D:3)
  2 dart slugs
  34 orcs
  9 ball pythons
  6 bats
  8 endoplasms
  6 giant cockroaches
  4 gnoll zombies (Ossuary)
  6 goblins
  7 hobgoblins
  4 jackals
  4 quokkas
  11 frilled lizards
  6 hobgoblin zombies (Ossuary)
  10 kobolds
  5 kobold zombies (Ossuary)
  3 orc skeletons (D:5)
  7 orc zombies
  13 rats
429 creatures vanquished.

Vanquished Creatures (others)
  2 bushes (Lair:3)
  25 fungi
  30 plants
57 creatures vanquished.

Grand Total: 486 creatures vanquished

Table legend: (Time is in decaauts)
 A = Elapsed time spent in this place.
 B = Non-inter-level travel time spent in this place.
 C = Inter-level travel time spent in this place.
 D = Time resting spent in this place.
 E = Time spent auto-exploring this place.
 F = Levels seen in this place.
 G = Mean time per level.
                   A        B        C        D        E       F      G
               +--------+--------+--------+--------+--------+-----+--------+
         Total |  12184 |  11903 |    281 |    431 |   8703 |  17 |  716.7 |
       Dungeon |   8280 |   8075 |    205 |    330 |   6067 |  10 |  828.0 |
          Lair |   3278 |   3202 |     76 |     98 |   2225 |   5 |  655.6 |
         Sewer |    429 |    429 |      0 |      2 |    315 |   1 |  429.0 |
       Ossuary |    196 |    196 |      0 |      0 |     96 |   1 |  196.0 |
               +--------+--------+--------+--------+--------+-----+--------+

Top non-repeatable levels by time:
     D:7: 1073 daAuts
  Lair:3: 1043 daAuts
     D:4: 997 daAuts
    D:10: 929 daAuts
     D:8: 919 daAuts
  Lair:4: 836 daAuts
     D:3: 827 daAuts
     D:5: 804 daAuts
     D:1: 803 daAuts
  Lair:2: 724 daAuts
     D:9: 677 daAuts
     D:6: 672 daAuts
  Lair:1: 607 daAuts
     D:2: 576 daAuts
   Sewer: 429 daAuts

Table legend:
 A = Non-vault XP
 B = Vault XP
 C = Vault XP percentage of total XP
 D = Non-vault monster count
 E = Vault monster count
 F = Vault count percentage of total count
                 A         B        C        D         E       F
            +---------+---------+-------+---------+---------+-------
      Total |   40134 |   14631 |  26.7 |     305 |     124 |  28.9
            +---------+---------+-------+---------+---------+-------
        D:1 |      30 |       0 |   0.0 |      16 |       0 |   0.0
        D:2 |      55 |       0 |   0.0 |      27 |       0 |   0.0
        D:3 |      46 |     234 |  83.6 |      15 |       4 |  21.1
        D:4 |     487 |     504 |  50.9 |      19 |      12 |  38.7
        D:5 |     519 |     427 |  45.1 |      20 |      12 |  37.5
        D:6 |     466 |     314 |  40.3 |      16 |       2 |  11.1
        D:7 |    2250 |       0 |   0.0 |      30 |       0 |   0.0
        D:8 |    1181 |       0 |   0.0 |      19 |       0 |   0.0
        D:9 |     906 |     508 |  35.9 |      12 |       2 |  14.3
       D:10 |    3313 |     687 |  17.2 |      37 |       6 |  14.0
     Lair:1 |    4018 |       0 |   0.0 |      19 |       0 |   0.0
     Lair:2 |    9118 |    2404 |  20.9 |      25 |       8 |  24.2
     Lair:3 |   11695 |    6162 |  34.5 |      31 |      16 |  34.0
     Lair:4 |    2839 |    2499 |  46.8 |      10 |       7 |  41.2
     Lair:5 |    3211 |     400 |  11.1 |       9 |       3 |  25.0
      Sewer |       0 |      85 | 100.0 |       0 |      22 | 100.0
    Ossuary |       0 |     407 | 100.0 |       0 |      30 | 100.0
            +---------+---------+-------+---------+---------+-------
